 Dungeon Sprint DCSS version 0.28-a0-1130-gc51a68064b (webtiles) character file.

Game seed: 18083754231336914441

166 rocky1 the Frost Mage (level 5, 0/28 HPs)
             Began as a Deep Elf Ice Elementalist on Dec 13, 2021.
             Was a Priest of Vehumet.
             Slain by Pikel (12 damage)
             ... in the Dungeon (Sprint VII: "The Pits").
             The game lasted 00:02:39 (474 turns).

rocky1 the Frost Mage (Deep Elf Ice Elementalist)    Turns: 474, Time: 00:02:40

Health: 0/28       AC:  9    Str:  5    XL:     5   Next: 22%
Magic:  1/11       EV: 12    Int: 22    God:    Vehumet [***...]
Gold:   0          SH:  0    Dex: 15    Spells: 3/10 levels left

rFire   . . .      SeeInvis .   l - +0 quarterstaff (protect)
rCold   . . .      Faith    .   (shield currently unavailable)
rNeg    . . .      Spirit   .   a - +0 robe
rPois   .          Reflect  .   (no helmet)
rElec   .          Harm     .   (no cloak)
rCorr   .          Rampage  .   (no gloves)
Will    .....      NoTele   +   (no boots)
Stlth   ++........              (no amulet)
HPRegen 0.09/turn               (no ring)
MPRegen 0.12/turn               (no ring)

@: ice-armoured
A: no striking features
a: Renounce Religion


You were in the Dungeon.
You worshipped Vehumet.
Vehumet was most pleased with you.
You visited 1 branch

Inventory:

Hand Weapons
 k - a +2 long sword of flaming
 l - a +0 quarterstaff of protection (weapon)
Armour
 a - a +0 robe (worn)
Scrolls
 g - a scroll of blinking
 i - 5 scrolls of amnesia
 j - a scroll of summoning
Potions
 b - 6 potions of curing
 c - 6 potions of heal wounds
 d - a potion of haste
 e - 4 potions of magic
 f - 3 potions of berserk rage
 h - 2 potions of invisibility


   Skills:
 - Level 2.4 Dodging
 - Level 2.4 Stealth
 - Level 3.0 Spellcasting
 + Level 12.4 Ice Magic


You had 3 spell levels left.
You knew the following spells:

 Your Spells              Type           Power      Damage    Failure   Level
a - Freeze                Ice            100%       1d11      1%          1
b - Frozen Ramparts       Ice            100%       1d12      1%          3
c - Ozocubu's Armour      Ice            55%        N/A       1%          3

Your spell library contained the following spells:

 Spells                   Type           Power      Damage    Failure   Level
 Magic Dart               Conj           12%        1d3       3%          1
 Hailstorm                Conj/Ice       30%        3d8       2%          4


Dungeon Overview and Level Annotations

Branches:
Dungeon (1/1)

Altars:
Ashenzari
Cheibriados
Dithmenos
Elyvilon
Fedhas
Gozag
Hepliaklqana
Kikubaaqudgha
Makhleb
Nemelex Xobeh
Okawaru
Qazlal
Ru
Sif Muna
Trog
Uskayaw
Vehumet
Wu Jian
Xom
Yredelemnul
Zin
The Shining One
Beogh
Jiyva
Lugonu

Annotations:
D Pikel


Message History

The wall freezes Pikel but does no damage.
Casting: Freeze (safe; 1% risk of failure)
Confirm with . or Enter, or press ? or * to list all spells.
Aiming: Freeze (safe; 1% risk of failure)
Press: ? - help, Shift-Dir - straight line, f - Pikel
Aim: Pikel, wielding a +2 whip of electrocution and wearing a +2 robe of cold resistance (moderately wounded)
You freeze Pikel.
Pikel resists.
Pikel is heavily wounded.
The wall freezes the lemure!
Pikel resists.
The wall freezes Pikel.
Pikel hits you but does no damage.
A lemure comes into view.
Casting: Freeze (safe; 1% risk of failure)
Confirm with . or Enter, or press ? or * to list all spells.
Aiming: Freeze (safe; 1% risk of failure)
Press: ? - help, Shift-Dir - straight line, f/p - Pikel
Aim: Pikel, wielding a +2 whip of electrocution and wearing a +2 robe of cold resistance (heavily wounded)
You freeze Pikel.
Pikel resists.
Pikel is heavily wounded.
The lemure shouts!
The wall freezes the lemure.
Pikel resists.
The wall freezes Pikel.
Pikel barely misses you.
Casting: Freeze (safe; 1% risk of failure)
Confirm with . or Enter, or press ? or * to list all spells.
Aiming: Freeze (safe; 1% risk of failure)
Press: ? - help, Shift-Dir - straight line, f/p - Pikel
Aim: Pikel, wielding a +2 whip of electrocution and wearing a +2 robe of cold resistance (severely wounded)
You freeze Pikel.
Pikel resists.
Pikel is severely wounded.
The frozen ramparts melt away.
Pikel hits you but does no damage.
Unknown command.
You closely miss Pikel.
Pikel is severely wounded.
Pikel hits you but does no damage.
Pikel says, "Hell isn't that bad."
Pikel completely misses you.
You barely miss Pikel.
Pikel is severely wounded.
Pikel hits you with a +2 whip of electrocution!
You are electrocuted!
You die...

#...........'.....
#'#####'#####.....
#.#..)..#[[##.....
#.#.....#))#####'#
#.###'###).##.....
#.#.....#))##.....
#.#.....#..##.....
#.####†##'###...<.
#@#........##.....
#K#........##.....
#5###########.....
#5......# ######
#.5###..# #...
##.## .. .#


You could see Pikel and 3 lemures.

Vanquished Creatures
  A lemure (D)
  A bullfrog (D)
  A quasit (D)
  A jelly (D)
  A gnoll (D)
  A river rat (D)
  An ufetubus (D)
  A bat (D)
  A hobgoblin (D)
  3 ball pythons (D)
  A ball python skeleton (D)
  A giant cockroach zombie (D)
  A quokka skeleton (D)
15 creatures vanquished.

Notes
Turn   | Place    | Note
-------+----------+-------------------------------------------
     0 | D        | rocky1 the Deep Elf Ice Elementalist began the quest for
                  | the Orb.
     0 | D        | Reached XP level 1. HP: 10/10 MP: 6/6
    22 | D        | Reached skill level 6 in Ice Magic
    22 | D        | Reached XP level 2. HP: 15/15 MP: 5/8
    58 | D        | Found a bloodstained altar of Trog.
    58 | D        | Found a shimmering blue altar of Sif Muna.
    58 | D        | Found a viscous altar of Jiyva.
    58 | D        | Found a hazy altar of Hepliaklqana.
    58 | D        | Found an opulent altar of Gozag.
    59 | D        | Found a glowing golden altar of the Shining One.
    59 | D        | Found a glowing silver altar of Zin.
    59 | D        | Found a basalt altar of Yredelemnul.
    59 | D        | Found a shimmering altar of Xom.
    59 | D        | Found an ornate altar of the Wu Jian Council.
    59 | D        | Found a sacrificial altar of Ru.
    59 | D        | Found a stormy altar of Qazlal.
    59 | D        | Found an iron altar of Okawaru.
    59 | D        | Found a sparkling altar of Nemelex Xobeh.
    59 | D        | Found a burning altar of Makhleb.
    59 | D        | Found a blossoming altar of Fedhas.
    59 | D        | Found a white marble altar of Elyvilon.
    59 | D        | Found a shadowy altar of Dithmenos.
    59 | D        | Found a snail-covered altar of Cheibriados.
    62 | D        | Found a radiant altar of Vehumet.
    62 | D        | Found a corrupted altar of Lugonu.
    63 | D        | Found a hide-covered altar of Uskayaw.
    63 | D        | Found an ancient bone altar of Kikubaaqudgha.
    63 | D        | Found a broken altar of Ashenzari.
    70 | D        | Became a worshipper of Vehumet
    92 | D        | Reached skill level 7 in Ice Magic
   288 | D        | Reached * piety under Vehumet
   288 | D        | Offered knowledge of Sandblast by Vehumet.
   378 | D        | Reached ** piety under Vehumet
   383 | D        | Reached skill level 8 in Ice Magic
   383 | D        | Reached XP level 3. HP: 16/19 MP: 6/9
   388 | D        | Learned a level 3 spell: Frozen Ramparts
   392 | D        | Learned a level 3 spell: Ozocubu's Armour
   456 | D        | Noticed a lemure
   457 | D        | Noticed a lemure
   457 | D        | Noticed a bullfrog
   458 | D        | Noticed Pikel
   460 | D        | Offered knowledge of Magic Dart by Vehumet.
   462 | D        | Reached *** piety under Vehumet
   462 | D        | Noticed a lemure
   463 | D        | Reached skill level 9 in Ice Magic
   464 | D        | Killed a bullfrog
   465 | D        | Reached skill level 11 in Ice Magic
   465 | D        | Reached XP level 4. HP: 18/24 MP: 5/10
   468 | D        | Killed a lemure
   469 | D        | Reached skill level 12 in Ice Magic
   469 | D        | Reached XP level 5. HP: 21/28 MP: 4/11
   470 | D        | Noticed a lemure
   474 | D        | Slain by Pikel

Illustrated notes

Levels and vault maps discovered:
D:        pitsprint [storerooms_1, entrance_room_1, metal_vault_7, armoury_2,
          mini_pit_1, grid_room_1, main_hall_1, silver_pit, the_coven_1,
          the_vestibule_1, steel_vault_2, golden_pit, hallway_of_sentries,
          crystal_vault_6, iron_vault_2, final_vault]

Skill      XL: |  1  2  3  4 |
---------------+-------------+-----
Ice Magic      | 6 8 11 12 | 12.4
Dodging        | |  2.4
Stealth        | |  2.4
Spellcasting   | |  3.0

Action                   |  1- 3 |  4- 6 || total
-------------------------+-------+-------++-------
Melee: Dagger            |    13 |       ||    13
       Quarterstaff      |     1 |     3 ||     4
 Cast: Freeze            |    14 |     5 ||    19
       Ozocubu's Armour  |     1 |       ||     1
       Frozen Ramparts   |     1 |       ||     1
 Stab: Sleeping          |     1 |       ||     1
Armor: Robe              |     7 |     3 ||    10
Dodge: Dodged            |    19 |     4 ||    23

Table legend: (Time is in decaauts)
 A = Elapsed time spent in this place.
 B = Non-inter-level travel time spent in this place.
 C = Inter-level travel time spent in this place.
 D = Time resting spent in this place.
 E = Time spent auto-exploring this place.
 F = Levels seen in this place.
 G = Mean time per level.
                   A        B        C        D        E       F      G
               +--------+--------+--------+--------+--------+-----+--------+
         Total |    473 |    473 |      0 |    258 |      0 |   1 |  473.0 |
       Dungeon |    473 |    473 |      0 |    258 |      0 |   1 |  473.0 |
               +--------+--------+--------+--------+--------+-----+--------+

Top non-repeatable levels by time:
       D: 473 daAuts
